 Dungeon Crawl Stone Soup version 0.20.1-1-g8b1a95d (console) character file.

652 hilaritas the Shield-Bearer (level 7, -1/52 HPs)
             Began as a Formicid Fighter on Aug 3, 2017.
             Was a Follower of Makhleb.
             Slain by a sky beast (2 damage)
             ... on level 5 of the Dungeon.
             The game lasted 00:08:07 (3205 turns).

hilaritas the Shield-Bearer (Formicid Fighter)      Turns: 3205, Time: 00:08:08

Health: -1/52      AC:  9    Str: 29 (30) XL:     7   Next: 84%
Magic:  9/9        EV:  7    Int:  6 (7)  God:    Makhleb [*.....]
Gold:   19         SH: 10    Dex:  7 (10) Spells: 6/6 levels left

rFire    . . .     SeeInvis +   o - +3 falchion {chaos, Str+2 Stlth+} (curse)
rCold    . . .     Gourm    .   c - +0 shield
rNeg     . . .     Faith    .   d - +0 chain mail
rPois    .         Spirit   .   (helmet unavailable)
rElec    .         Reflect  .   (no cloak)
rCorr    .         Harm     .   (no gloves)
MR       .....                  (no boots)
Stlth    ..........             (no amulet)
Regen    0.2/turn               (no ring)
MPRegen  0.2/turn               (no ring)

@: mighty
A: permanent stasis, dig shafts and tunnels, four strong arms, antennae 3
a: Dig, Shaft Self, Renounce Religion


You were on level 5 of the Dungeon.
You worshipped Makhleb.
Makhleb was aware of your devotion.
You were not hungry.

You visited 1 branch of the dungeon, and saw 5 of its levels.

You collected 203 gold pieces.
You spent 184 gold pieces at shops.

Inventory:

Hand Weapons
 a - a +1 war axe
 o - the cursed +3 falchion "Sarcophage" (weapon) {chaos, Str+2 Stlth+}
   (You bought it in a shop on level 4 of the Dungeon)

   Each time it hits an enemy it has a different, random effect.
   It affects your strength (+2).
   It makes you more stealthy.
   It has a curse placed upon it.
 s - a +0 club
Missiles
 t - 2 tomahawks (quivered)
Armour
 c - a +0 shield (worn)
 d - a +0 chain mail (worn)
Jewellery
 k - an uncursed ring of fire
 p - an uncursed ring of stealth
 u - an uncursed amulet of magic regeneration
Wands
 b - a wand of flame (28/48)
 e - a wand of acid (14/15)
 v - a wand of confusion (27/48)
Scrolls
 j - 3 scrolls of identify
 w - a scroll of recharging
 x - a scroll of amnesia
Potions
 h - a potion of invisibility
 m - a potion of degeneration
 q - a potion of cancellation {unknown}
 r - a potion of berserk rage {unknown}
Books
 n - a book of Flames

   Spells                             Type                      Level
   a - Flame Tongue                   Conjuration/Fire             1
   b - Throw Flame                    Conjuration/Fire             2
   c - Conjure Flame                  Conjuration/Fire             3
   d - Inner Flame                    Hexes/Fire                   3
   e - Sticky Flame                   Conjuration/Fire             4
   f - Fireball                       Conjuration/Fire             5
Comestibles
 f - 4 bread rations
 g - a meat ration


   Skills:
 - Level 3.2 Fighting
 * Level 3.1 Long Blades
 - Level 5.5 Axes
 - Level 3.2 Armour
 + Level 5.9 Shields
 * Level 3.2 Invocations


You had 6 spell levels left.
You didn't know any spells.

Dungeon Overview and Level Annotations

Branches:
Dungeon (5/15)
 Temple: D:4-7

Altars:
Ashenzari
Makhleb
Sif Muna
Uskayaw
Xom
Yredelemnul

Shops:
D:4 (


Innate Abilities, Weirdness & Mutations

You cannot be hasted, slowed, berserked, paralysed or teleported.
You can dig through walls and to a lower floor.
Your four strong arms can wield two-handed weapons with a shield.
You have a pair of large antennae on your head. (SInv)


Message History

You block the bullfrog skeleton's attack.
You block the sky beast's attack. The bullfrog skeleton hits you.
* * * LOW HITPOINT WARNING * * *
A hound zombie comes into view.
You hit the sky beast.
The sky beast is poisoned.
The sky beast is almost dead.
The sky beast hits you but does no damage.
You block the bullfrog skeleton's attack.
You closely miss the sky beast.
The sky beast is almost dead.
You block the bullfrog skeleton's attack.
The sky beast flickers out of sight for a moment.
The sky beast hits you.
* * * LOW HITPOINT WARNING * * *
The sky beast shocks you.
* * * LOW HITPOINT WARNING * * *
The bullfrog skeleton hits you.
* * * LOW HITPOINT WARNING * * *
The sky beast hits you.
You die...

#......... .## #.
#..##...####.## #.# ..
#..##.....[...###..# ...
#.†##...# #.......#....
..()(...## #..#....#..#.
#..###...###....[.......
#..# ##................#
#...(....###..##YZ.....#
##.#####.# #..##@### #.#
#.# #.......# #.# #.#
#.......# #..
.........Z..#
#####.#........
#...........
####...###.# ##... ..#
#####?. {


You could see a sky beast (invisible), a hound zombie and a bullfrog skeleton.

Vanquished Creatures
  Edmund (D:5)
  A centaur (D:5)
  A water moccasin zombie (D:5)
  A crimson imp (D:5)
  A bullfrog skeleton (D:5)
  2 hounds (D:5)
  An orc priest (D:3)
  Jessica (D:3)
  A worker ant (D:4)
  Robin (D:4)
  3 gnolls (D:3)
  6 adders
  2 worms
  6 dart slugs
  A leopard gecko (D:3)
  10 orcs
  A ball python (D:1)
  5 bats
  5 giant cockroaches
  8 hobgoblins
  2 jackals (D:1)
  3 quokkas
  5 frilled lizards
  A giant cockroach zombie (D:5)
  10 goblins
  7 kobolds
  4 rats
90 creatures vanquished.

Notes
Turn   | Place    | Note
-------+----------+-------------------------------------------
     0 | D:1      | hilaritas the Formicid Fighter began the quest for the Orb.
     0 | D:1      | Reached XP level 1. HP: 18/18 MP: 1/1
   206 | D:1      | Reached XP level 2. HP: 24/24 MP: 2/2
   688 | D:2      | Reached XP level 3. HP: 29/29 MP: 3/3
   739 | D:2      | Found a burning altar of Makhleb.
   742 | D:2      | Found a basalt altar of Yredelemnul.
   750 | D:2      | Found a hide-covered altar of Uskayaw.
  1229 | D:3      | Reached XP level 4. HP: 29/35 MP: 4/4
  1399 | D:3      | Noticed Jessica
  1404 | D:3      | Killed Jessica
  1404 | D:3      | Reached XP level 5. HP: 39/41 MP: 5/5
  1889 | D:2      | Became a worshipper of Makhleb the Destroyer
  1943 | D:3      | Reached skill level 5 in Axes
  2157 | D:4      | Found a shattered altar of Ashenzari.
  2168 | D:4      | Noticed Robin
  2184 | D:4      | Reached XP level 6. HP: 18/47 MP: 6/6
  2199 | D:4      | Killed Robin
  2581 | D:4      | Found Ored's Antique Weapon Shop.
  2839 | D:4      | Found a shimmering altar of Xom.
  2879 | D:4      | Bought a smoking falchion for 184 gold pieces
  2879 | D:4      | Identified the cursed +3 falchion "Sarcophage" {chaos, Str+2 Stlth+} (You bought it in a shop on level 4 of the Dungeon)
  2957 | D:5      | Entered Level 5 of the Dungeon
  2970 | D:5      | Reached skill level 1 in Invocations
  3037 | D:5      | Found a deep blue altar of Sif Muna.
  3111 | D:5      | Reached skill level 5 in Shields
  3114 | D:5      | Reached skill level 1 in Long Blades
  3119 | D:5      | Reached * piety under Makhleb
  3119 | D:5      | Reached XP level 7. HP: 20/52 MP: 6/8
  3174 | D:5      | Noticed Edmund
  3190 | D:5      | Killed Edmund
  3205 | D:5      | HP: 2/52 [sky beast (6)]
  3205 | D:5      | Slain by a sky beast

Skill      XL: |  1  2  3  4  5  6  7 |
---------------+----------------------+-----
Shields        | 4 5 |  5.9
Axes           | 3 4 5 |  5.5
Invocations    | 2 3 |  3.2
Long Blades    | 1 3 |  3.1
Fighting       | |  3.2
Armour         | |  3.2

Action                   |  1- 3 |  4- 6 |  7- 9 || total
-------------------------+-------+-------+-------++-------
Melee: War axe           |    86 |   128 |       ||   214
       Falchion          |       |    26 |    45 ||    71
  Use: Potion            |     1 |     2 |     2 ||     5
       Scroll            |       |     7 |       ||     7
 Stab: Petrified         |       |       |     1 ||     1
  Eat: Chunk             |     1 |     5 |     1 ||     7
       Fruit             |       |     1 |       ||     1
Armor: Scale mail        |    34 |     4 |       ||    38
       Chain mail        |       |    87 |    21 ||   108
       Skin              |       |     7 |     5 ||    12
Dodge: Dodged            |    33 |    51 |    16 ||   100
Block: Shield            |    46 |    87 |    34 ||   167
       Rpst.: Falchion   |       |     1 |     6 ||     7
